 Dungeon Crawl Stone Soup version 0.31-a0-219-g8d62b2e7bb (webtiles) character file.

Game seed: 17108930062043402687

309 qw the Chopper (level 6, -2/39 HPs)
             Began as a Gargoyle Fighter on July 3, 2023.
             Slain by Edmund
             ... wielding a +1 heavy dire flail
              (10 damage)
             ... on level 4 of the Dungeon.
             The game lasted 00:01:39 (2826 turns).

qw the Chopper (Gargoyle Fighter)                   Turns: 2826, Time: 00:01:39

Health: -2/39      AC: 11    Str: 21    XL:     6   Next: 41%
Magic:  6/6        EV:  9    Int:  9    God:
Gold:   198        SH:  4    Dex:  9    Spells: 5/5 levels left

rFire   . . .        Y - +0 war axe (venom)
rCold   . . .        c - +0 buckler
rNeg    + . .        b - +0 scale mail
rPois   inf          (no helmet)
rElec   +            h - scarf {repulsion}
rCorr   .            (no gloves)
SInv    .            (no boots)
Will    .....        (no amulet) Stlth
                     (no ring)
HPRegen 0.26/turn    (no ring)
MPRegen 0.10/turn

%: repel missiles
@: no status effects
A: sickness immunity, AC +4, negative energy resistance 1, electricity
resistance, torment resistance 1, petrification resistance
a: no special abilities


You were on level 4 of the Dungeon.
You visited 1 branch of the dungeon, and saw 4 of its levels.

You collected 198 gold pieces.


Innate Abilities, Weirdness & Mutations

You are immune to sickness and miasma.
Your stone body is resilient. (AC +4)
You are immune to poison.
You resist negative energy. (rN+)
You are resistant to electric shocks. (rElec)
You are resistant to unholy torment.
You are immune to petrification.


   Skills:
 - Level 4.6 Fighting
 + Level 5.0 Axes
 - Level 3.2 Armour
 - Level 1.1 Dodging
 - Level 3.2 Shields


You had 5 spell levels left.
You didn't know any spells.
Your spell library was empty.

Inventory:

Hand Weapons
 i - a +0 flail
 Y - a +0 war axe of venom (weapon)
Armour
 b - a +0 scale mail (worn)
 c - a +0 buckler (worn)
 h - a scarf of repulsion (worn)
Jewellery
 j - a ring of fire
 n - a ring of see invisible
Scrolls
 a - a scroll of identify
Potions
 d - a potion of might
 e - a potion of curing
 f - a potion of haste
 g - a potion of brilliance {unknown}
 k - a potion of lignification {unknown}
 l - 3 potions of heal wounds {unknown}
 m - a potion of mutation {unknown}

Dungeon Overview and Level Annotations

Branches:
Dungeon (4/15)
 Temple: D:4-7

Altars:

Annotations:
D:4 Edmund


Message History

An orc wizard comes into view. It is wielding a +0 dagger.
Edmund shouts!
You hear a shout! x2
The orc hits you with a +0 trident.
The orc wizard moves out of view.
An orc warrior comes into view. It is wielding a +0 short sword.
The orc warrior shouts!
Enter note:
Enter note:
Enter note:
Enter note: You slash the orc!
You kill the orc!
A kobold comes into view. It is wielding a +0 dagger.
An orc comes into view. It is wielding a +0 flail.
You barely miss Edmund.
Edmund hits you with a +1 heavy dire flail!!
Ouch! That really hurt!
You closely miss Edmund.
The orc wizard mumbles some strange words.
The orc wizard flickers and vanishes!
Deactivating autopickup; reactivate with Ctrl-A.
Edmund closely misses you.
You barely miss Edmund. You hit Edmund but do no damage.
Edmund is poisoned.
Edmund hits you with a +1 heavy dire flail!
You barely miss Edmund.
Edmund is lightly wounded.
Edmund closely misses you.
You barely miss Edmund.
Edmund is lightly wounded.
Edmund hits you but does no damage.
You closely miss Edmund.
Edmund is lightly wounded.
Edmund barely misses you.
You hit Edmund but do no damage.
Edmund looks as sick as possible!
Edmund is lightly wounded.
Edmund hits you but does no damage.
You slash Edmund!
Edmund looks as sick as possible!
Edmund is heavily wounded.
Edmund hits you with a +1 heavy dire flail!
You die...

.# .# .## ..#### #
#....# .# ####.## ..#
#..# ...#
##.############K...##
#####
#...........@@oo....
...>.
######.##########...
##.. #### #.# #..
...# #.# .. #.# ##.##
#.# .# #..
....######.# ###.#
.... #.#
....)....#.###...
#.... #.#
....##..)#...#... #
+.....+.#
....####.###.#..##.#
....###


You could see Edmund (extremely poisoned), an orc warrior, an orc and a kobold.

Vanquished Creatures
  A scorpion (D:4)
  A hound (D:4)
  Terence (D:2)
  Natasha (D:4)
  8 adders
  A river rat (D:3)
  3 worms
  2 dart slugs
  2 orcs
  5 endoplasms
  5 giant cockroaches
  15 goblins
  7 hobgoblins
  A quokka (D:2)
  5 ball pythons
  6 bats
  3 frilled lizards
  4 kobolds
  7 rats
78 creatures vanquished.

Notes
Turn   | Place    | Note
-------+----------+-------------------------------------------
     0 | D:1      | qw the Gargoyle Fighter began the quest for the Orb.
     0 | D:1      | Reached XP level 1. HP: 14/14 MP: 1/1
     0 | D:1      | 0 ||| qw: Version: 0.3-a-40-ge99b1a8
     0 | D:1      | 0 ||| qw: Game counter: 439
     0 | D:1      | 0 ||| qw: Melee chars always use a shield: true
     0 | D:1      | 0 ||| qw: God list: Okawaru
     0 | D:1      | 0 ||| qw: Allow faded altars: false
     0 | D:1      | 0 ||| qw: Do Orc after clearing Dungeon:15 true
     0 | D:1      | 0 ||| qw: Do second Lair branch before Depths: true
     0 | D:1      | 0 ||| qw: Lair rune preference: random
     0 | D:1      | 0 ||| qw: Goals: Normal, Zot:1-4, Slime:5, God:TSO, Crypt,
                  | Tomb, Abyss, Pan, Hells, Win
     0 | D:1      | 0 ||| PLANNING D:1-11
    39 | D:1      | 39 ||| Stepping ~*~*~tactically~*~*~ (stealth).
    42 | D:1      | 42 ||| Stepping ~*~*~tactically~*~*~ (stealth).
    46 | D:1      | Reached skill level 2 in Axes
    48 | D:1      | 48 ||| FLEEEEING.
    49 | D:1      | 49 ||| FLEEEEING.
    50 | D:1      | 50 ||| FLEEEEING.
    51 | D:1      | 51 ||| FLEEEEING.
    52 | D:1      | 52 ||| FLEEEEING.
    53 | D:1      | 53 ||| FLEEEEING.
    54 | D:1      | 54 ||| FLEEEEING.
    75 | D:1      | 75 ||| Stepping ~*~*~tactically~*~*~ (stealth).
    76 | D:1      | 76 ||| Stepping ~*~*~tactically~*~*~ (stealth).
   159 | D:1      | 159 ||| Stepping ~*~*~tactically~*~*~ (hiding).
   160 | D:1      | 160 ||| Stepping ~*~*~tactically~*~*~ (hiding).
   161 | D:1      | 161 ||| Stepping ~*~*~tactically~*~*~ (hiding).
   162 | D:1      | 162 ||| Stepping ~*~*~tactically~*~*~ (hiding).
   280 | D:1      | Reached XP level 2. HP: 19/19 MP: 2/2
   376 | D:1      | 376 ||| Stepping ~*~*~tactically~*~*~ (hiding).
   377 | D:1      | 377 ||| Stepping ~*~*~tactically~*~*~ (hiding).
   712 | D:1      | 712 ||| READING scroll labelled QIEMPO NOIVUD.
   713 | D:1      | 713 ||| READING scroll labelled MYUD FOISHELUTS.
   714 | D:1      | 714 ||| READING scroll labelled COTANW YHIATUD.
   715 | D:1      | 715 ||| READING scroll labelled XUICIRODIMM.
   755 | D:2      | Found a faded altar of an unknown god.
   759 | D:2      | Reached skill level 3 in Axes
   798 | D:2      | Reached XP level 3. HP: 23/23 MP: 3/3
  1021 | D:2      | Noticed Terence
  1029 | D:2      | Killed Terence
  1030 | D:2      | Reached XP level 4. HP: 28/28 MP: 4/4
  1033 | D:2      | 1033 ||| DROPPING +0 club.
  1046 | D:2      | Reached skill level 4 in Axes
  1049 | D:2      | 1049 ||| Stepping ~*~*~tactically~*~*~ (stealth).
  1063 | D:2      | 1063 ||| Stepping ~*~*~tactically~*~*~ (stealth).
  1269 | D:2      | 1269 ||| UPGRADING to scarf of repulsion.
  1274 | D:2      | 1274 ||| READING scroll labelled VISHRE DEPH.
  1277 | D:2      | 1277 ||| DRINKING 2 lumpy orange potions.
  1288 | D:3      | 1288 ||| PLANNING SEWER
  1414 | D:3      | 1414 ||| Stepping ~*~*~tactically~*~*~ (stealth).
  1424 | D:3      | 1424 ||| Stepping ~*~*~tactically~*~*~ (stealth).
  1425 | D:3      | 1425 ||| Stepping ~*~*~tactically~*~*~ (stealth).
  1602 | D:3      | Reached XP level 5. HP: 29/32 MP: 5/5
  1852 | D:3      | 1852 ||| Stepping ~*~*~tactically~*~*~ (stealth).
  1853 | D:3      | 1853 ||| Stepping ~*~*~tactically~*~*~ (stealth).
  1854 | D:3      | 1854 ||| Stepping ~*~*~tactically~*~*~ (stealth).
  1858 | D:3      | 1858 ||| Stepping ~*~*~tactically~*~*~ (stealth).
  1897 | D:3      | 1897 ||| RIP SEWER
  1898 | D:3      | 1898 ||| PLANNING D:1-11
  2113 | D:3      | Reached skill level 5 in Axes
  2187 | D:3      | 2187 ||| READING 3 scrolls labelled BOIFIO HYLLA.
  2188 | D:3      | 2188 ||| READING scroll labelled KEM DASAT.
  2189 | D:3      | 2189 ||| READING 2 scrolls of identify.
  2189 | D:3      | 2189 ||| IDENTIFYING sedimented dark potion
  2301 | D:4      | Noticed Natasha
  2308 | D:4      | Killed Natasha
  2413 | D:4      | Reached XP level 6. HP: 34/39 MP: 6/6
  2582 | D:4      | Reached skill level 1 in Dodging
  2657 | D:4      | 2657 ||| Stepping ~*~*~tactically~*~*~ (stealth).
  2814 | D:4      | Noticed Edmund
  2815 | D:4      | Noticed an orc warrior
  2821 | D:4      | HP: 6/39 [Edmund/+1 heavy dire flail (12)]
  2826 | D:4      | Slain by Edmund

Levels and vault maps discovered:
D:1:      erik_arrival_cave_to_civilisation [erik_arrival_cave_to_hall],
          layout_rooms
D:2:      minmay_angry_zag, layout_rooms, nicolae_ecumenical_lake_church,
          minmay_distorted, uniq_terence
D:3:      layout_loops_ring, gup_sewer_entry_spiral, minmay_surrounded
D:4:      layout_basic, uniq_edmund, uniq_natasha

Skill      XL: |  1  2  3  4  5  6 |
---------------+-------------------+-----
Axes           | 2 3 4 5 |  5.0
Fighting       | 4 |  4.6
Dodging        | 1 |  1.1
Armour         | |  3.2
Shields        | |  3.2

Action                     |  1- 3 |  4- 6 || total
---------------------------+-------+-------++-------
  Melee: War axe           |    59 |   161 ||   220
    Use: Scroll            |     4 |     4 ||     8
         Potion            |       |     1 ||     1
   Stab: Distracted        |     1 |       ||     1
 Armour: Scale mail        |    22 |    60 ||    82
  Dodge: Dodged            |    18 |    52 ||    70
  Block: Buckler           |    10 |    24 ||    34

Table legend:
 A = Non-vault XP
 B = Vault XP
 C = Vault XP percentage of total XP
 D = Non-vault monster count
 E = Vault monster count
 F = Vault count percentage of total count
                 A         B        C        D         E       F
            +---------+---------+-------+---------+---------+-------
      Total |     291 |     151 |  34.2 |      59 |      19 |  24.4
            +---------+---------+-------+---------+---------+-------
        D:1 |      26 |       3 |  10.3 |      15 |       2 |  11.8
        D:2 |      32 |      64 |  66.7 |      11 |       8 |  42.1
        D:3 |      73 |      49 |  40.2 |      20 |       8 |  28.6
        D:4 |     160 |      35 |  17.9 |      13 |       1 |   7.1
            +---------+---------+-------+---------+---------+-------
